 Dungeon Crawl Stone Soup version 0.17.0-24-gcfadda4 (webtiles) character file.

64 dysrexia the Firebug (level 4, -16/33 HPs)
             Began as a Hill Orc Fire Elementalist on Nov 15, 2015.
             Killed from afar by an adder (17 damage)
             ... with an exploding inner flame
             ... hexed by the player character
             ... on level 2 of the Dungeon.
             The game lasted 00:07:41 (1744 turns).

dysrexia the Firebug (Hill Orc Fire Elementalist)   Turns: 1744, Time: 00:07:41

Health: -16/33     AC:  2    Str: 16    XL:     4   Next: 12%
Magic:  1/7        EV: 12    Int: 15    God:
Gold:   35         SH:  0    Dex: 11    Spells: 2 memorised, 3 levels left

rFire  . . .     SeeInvis .     (no weapon)
rCold  . . .     Clarity  .     a - +0 robe
rNeg   . . .     SustAt   .     (no shield)
rPois  .         Gourm    .     (no helmet)
rElec  .         Spirit   .     (no cloak)
rCorr  .         Warding  .     (no gloves)
rMut   .         Stasis   .     (no boots)
MR     .....                    (no amulet)
Stlth  ++........               (no ring)
                                (no ring)

@: mighty, lethally poisoned (-16 -> -25), very slightly contaminated, hasted,
very quick, not resistant to hostile enchantments, unstealthy
A: no striking features
a: no special abilities


You were on level 2 of the Dungeon.
You were very hungry.

You visited 1 branch of the dungeon, and saw 2 of its levels.

You collected 35 gold pieces.

Inventory:

Armour
 a - a +0 robe (worn)
 e - a +0 leather armour
Jewellery
 h - an uncursed ring of flight {unknown}
Scrolls
 j - 2 scrolls of fear {unknown}
 l - a scroll of magic mapping {unknown}
Potions
 k - a potion of cure mutation
Books
 b - a book of Flames

   Spells                             Type                      Level
   a - Flame Tongue                   Conjuration/Fire             1
   b - Throw Flame                    Conjuration/Fire             2
   c - Conjure Flame                  Conjuration/Fire             3
   d - Inner Flame                    Hexes/Fire                   3
   e - Sticky Flame                   Conjuration/Fire             4
   f - Fireball                       Conjuration/Fire             5
Comestibles
 c - 3 bread rations
 f - a meat ration
 i - 4 fruits


   Skills:
 - Level 1.5 Dodging
 - Level 1.5 Stealth
 + Level 2.0 Spellcasting
 * Level 2.4 Conjurations
 * Level 4.2 Fire Magic


You had 3 spell levels left.
You knew the following spells:

 Your Spells              Type           Power        Failure   Level  Hunger
a - Flame Tongue          Conj/Fire      ##...        8%          1    #......
b - Conjure Flame         Conj/Fire      ##......     21%         3    ###....


Dungeon Overview and Level Annotations

Branches:
Dungeon (2/15)

Altars:
Dithmenos
Trog


Message History

* * * LOW HITPOINT WARNING * * *
You feel sick. The adder barely misses you. The adder closely misses you.
Drink which item? (? for menu, Esc to quit)
It was a potion of haste.
You feel yourself speed up.
* * * LOW HITPOINT WARNING * * *
You feel sick. The adder closely misses you.
Read which item? (? for menu, Esc to quit)
As you read the scroll labeled MIKHOFAODEI, it crumbles to dust.
The creatures around you are filled with an inner flame!
It was a scroll of immolation.
The adder bites you.
* * * LOW HITPOINT WARNING * * *
You closely miss the adder.
The adder is almost dead.
* * * LOW HITPOINT WARNING * * *
You feel sick. The adder misses you.
You hit the adder.
The adder explodes!
The fiery explosion engulfs you!
Ouch! That really hurt!
You die...

.... #...# .....
$..#
#.....####.####.#
#..
................#
...
......####.######
#.... #.#
#########.# #§#
......###.# #§#
####...##.# #@#
##.>...#.# #.#
#........# #.#
##......(.# #.#
).)...<...### #.#
##......#...####.#
#^..............#
#..#######.######
#.## #)#


There were no monsters in sight!

Vanquished Creatures
  2 adders (D:2)
  2 oozes
  2 giant geckos
  A giant cockroach (D:2)
  5 hobgoblins
  A quokka (D:2)
  6 bats
  5 giant newts
  3 goblins
  5 kobolds
  6 rats
38 creatures vanquished.

Notes
Turn   | Place    | Note
--------------------------------------------------------------
     0 | D:1      | dysrexia the Hill Orc Fire Elementalist began the quest for the Orb.
     0 | D:1      | Reached XP level 1. HP: 14/14 MP: 3/3
   247 | D:1      | Reached XP level 2. HP: 15/20 MP: 0/4
   908 | D:1      | Reached XP level 3. HP: 22/26 MP: 2/5
  1144 | D:2      | Learned a level 3 spell: Conjure Flame
  1180 | D:2      | Found a shadowy altar of Dithmenos.
  1304 | D:2      | Reached skill level 4 in Fire Magic
  1590 | D:2      | Reached XP level 4. HP: 33/33 MP: 5/7
  1668 | D:2      | Found a bloodstained altar of Trog.
  1743 | D:2      | HP: 1/33 [poisoned by an adder]
  1744 | D:2      | Killed from afar by an adder

Action                   |  1- 3 |  4- 6 || total
-------------------------+-------+-------++-------
Melee: Unarmed           |    45 |    13 ||    58
 Cast: Flame Tongue      |    61 |    11 ||    72
  Use: Potion            |       |     3 ||     3
       Scroll            |       |     1 ||     1
  Eat: Chunk             |     3 |       ||     3
